 Dungeon Crawl Stone Soup version 0.28.0-53-g5a82cb258f (webtiles) character file.

Game seed: 9693393349661437114

7 LynnLen the Sneak (level 1, -1/13 HPs)
             Began as a Vampire Enchanter on Aug 1, 2022.
             Slain by a goblin
             ... wielding a +0 dagger
             ... led by Robin
              (4 damage)
             ... on level 2 of the Dungeon.
             The game lasted 00:02:09 (465 turns).

LynnLen the Sneak (Vampire Enchanter)                Turns: 465, Time: 00:02:10

Health: -1/13      AC:  2    Str:  7    XL:     1   Next: 83%
Magic:  3/3        EV: 12    Int: 17    God:
Gold:   11         SH:  0    Dex: 14    Spells: 4/4 levels left

rFire   . . .      SeeInvis +   a - +1 dagger
rCold   . . .      Faith    .   (no shield)
rNeg    . . .      Spirit   .   b - +0 robe
rPois   .          Reflect  .   (no helmet)
rElec   .          Harm     .   (no cloak)
rCorr   .          Rampage  .   (no gloves)
Will    .....                   (no boots)
Stlth   +++.......              (no amulet)
HPRegen 0.24/turn               (no ring)
MPRegen 0.08/turn               (no ring)

@: healing quickly
A: alive, fangs 3, see invisible, vampiric 1
a: Exsanguinate


You were on level 2 of the Dungeon.
You visited 1 branch of the dungeon, and saw 2 of its levels.

You collected 11 gold pieces.

Inventory:

Hand Weapons
 a - a +1 dagger (weapon)
Armour
 b - a +0 robe (worn)
Potions
 c - a potion of invisibility


   Skills:
 * Level 1.4 Short Blades
 * Level 2.3 Dodging
 + Level 4.8 Stealth
 - Level 2.0 Spellcasting
 - Level 4.4 Hexes


You had 4 spell levels left.
You didn't know any spells.
Your spell library contained the following spells:

 Spells                   Type           Power      Damage    Failure   Level
 Confusing Touch          Hex            16%        N/A       10%         3
 Tukima's Dance           Hex            16%        N/A       10%         3
 Ensorcelled Hibernation  Hex/Ice        18%        N/A       12%         2
 Dazzling Flash           Conj/Hex       18%        N/A       24%         3


Dungeon Overview and Level Annotations

Branches:
Dungeon (2/15)

Altars:

Shops:
D:1 :

Annotations:
D:2 Robin


Innate Abilities, Weirdness & Mutations

Your natural rate of healing is accelerated.
You have razor-sharp teeth.
You have supernaturally acute eyesight. (SInv)
You are afflicted with vampirism.


Message History

Found a pink potion.
Robin shouts!
You hear a shout!
A goblin comes into view. It is wielding a +0 club.
A goblin comes into view. It is wielding a +0 dagger. x2
Robin moves out of view.
You hear a shout!
The goblin shouts!
You hear an angry hiss.
You hear a shout! x2
There is a stone staircase leading up here. 2 goblins come into view.
The goblin shouts!
The goblin shouts! x2; You hear a shout!
Robin says, "Bow before me, strongest of all the hobgoblins!"
Robin barely misses you.
You hit Robin but do no damage. You bite Robin.
Robin is moderately wounded.
Robin hits you with a +0 falchion.
You hit Robin but do no damage.
Robin is moderately wounded.
Robin's horned helmet rattles.
Robin hits you with a +0 falchion.
You hit Robin but do no damage.
Robin is moderately wounded.
Robin hits you with a +0 falchion.
* * * LOW HITPOINT WARNING * * *
The goblin misses you.
You hit Robin but do no damage. Your bite misses Robin.
Robin is moderately wounded.
You hit Robin.
Robin is heavily wounded.
The goblin hits you but does no damage. Robin hits you but does no damage.
You hit Robin.
Robin is heavily wounded.
The goblin hits you with a +0 dagger.
* * * LOW HITPOINT WARNING * * *
Robin roars a battlecry!
The goblins go into a battle-frenzy!
You hit Robin but do no damage.
Robin is heavily wounded.
The goblin hits you with a +0 dagger.
You die... #### .... gg.... ..... gg... .gg.J Jgg.

.....g g..
###.g.g.g .. #...#
.# #J#########.#
#ggg@g.<....#
........###########
........# #.......#
####.#### #. #


You could see Robin, an endoplasm and 3 goblins.

Vanquished Creatures
  2 goblins (D:1)
  A bat (D:1)
  A frilled lizard (D:1)
  2 kobolds (D:1)
  A rat (D:1)
7 creatures vanquished.

Notes
Turn   | Place    | Note
-------+----------+-------------------------------------------
     0 | D:1      | LynnLen the Vampire Enchanter began the quest for the Orb.
     0 | D:1      | Reached XP level 1. HP: 13/13 MP: 3/3
   133 | D:1      | Found Kokhloq's Book Shoppe.
   265 | D:1      | Found a faded altar of an unknown god.
   443 | D:2      | Noticed Robin
   465 | D:2      | Slain by a goblin

Illustrated notes

Levels and vault maps discovered:
D:1:      onia_arrival_mini_spirals, layout_loops_corners, serial_shops, shop,
          hellmonk_ecumenical_altar_zigzags, serial_aquarium,
          aquarium_bridge_long_joined [aquarium_subvault_bridge,
          aquarium_subvault_window, aquarium_subvault_balcony,
          aquarium_subvault_window, aquarium_subvault_bridge,
          aquarium_subvault_bridge], aquarium_window_corner, aquarium_window_3,
          aquarium_window_1, aquarium_view_2b, aquarium_balcony_3a,
          chequers_hall_statues_y
D:2:      layout_basic, chequers_serial_rivers_large_b, minmay_lizard_pond,
          uniq_sigmund, uniq_robin

Action                   || total
-------------------------++-------
Melee: Dagger            ||    21
       Bite              ||     1
  Use: Scroll            ||     1
 Stab: Sleeping          ||     3
Armor: Robe              ||     3
Dodge: Dodged            ||    10
